 Dungeon Crawl Stone Soup version 0.22-a0-136-g83a10e5 (webtiles) character file.

438 Sergey the Magician (level 7, 0/34 HPs)
             Began as a Vine Stalker Skald on Feb 3, 2018.
             Slain by a river rat (2 damage)
             ... in a sewer.
             The game lasted 00:14:01 (1372 turns).

Sergey the Magician (Vine Stalker Skald)            Turns: 1372, Time: 00:14:02

Health: 0/34       AC:  6    Str: 12 (14) XL:     7   Next: 1%
Magic:  0/15       EV:  7    Int: 17 (20) God:
Gold:   128        SH:  0    Dex: 11 (13) Spells: 7/15 levels left

rFire    . . .     SeeInvis .   w - +0 mace
rCold    . . .     Gourm    .   (no shield)
rNeg     . . .     Faith    .   j - +0 ring mail
rPois    .         Spirit   +   f - +0 helmet
rElec    .         Reflect  .   (no cloak)
rCorr    .         Harm     .   (no gloves)
MR       .....                  (no boots)
Stlth    +.........             (no amulet)
HPRegen  0.51/turn              (no ring)
MPRegen  0.14/turn              (no ring)

@: brilliant, lethally poisoned (0 -> 0), singing (expiring), very slightly
contaminated, constricted
A: fangs 2, regeneration 1, magic shield, antimagic bite, no potion heal 3, rot
immunity
a: no special abilities


You were in a sewer.
You were not hungry.

You visited 1 branch of the dungeon, and saw 4 of its levels.
You also visited: Sewer.

You collected 128 gold pieces.

Inventory:

Hand Weapons
 o - a cursed -2 blowgun {cursed}
 s - a +2 short sword of venom
 t - a +0 whip
 w - a +0 mace (weapon)
Missiles
 g - 33 stones (quivered)
 h - 16 sling bullets
 q - 23 poisoned needles
 r - 5 curare-tipped needles
Armour
 b - a +0 leather armour
 f - a +0 helmet (worn)
 j - a +0 ring mail (worn)
Scrolls
 e - a scroll of remove curse {@r2}
 i - a scroll of identify {@r1}
 l - 4 scrolls of fog
Potions
 a - a potion of brilliance
 m - 3 potions of curing {@q2}
 p - a potion of cancellation
 u - a potion of flight
Books
 c - a book of Battle

   Spells                             Type                      Level
   a - Infusion                       Charms                       1
   b - Shroud of Golubria             Charms/Translocation         2
   c - Song of Slaying                Charms                       2
   d - Spectral Weapon                Hexes/Charms                 3
   e - Regeneration                   Charms/Necromancy            3
Comestibles
 d - 2 rations
 n - 2 chunks of flesh


   Skills:
 - Level 1.7 Fighting
 * Level 4.1 Maces & Flails
 - Level 0.7 Armour
 - Level 1.5 Dodging
 * Level 4.6 Spellcasting
 + Level 4.1 Charms
 + Level 2.0 Necromancy


You had 7 spell levels left.
You knew the following spells:

 Your Spells              Type           Power        Failure   Level  Hunger
a - Infusion              Chrm           ####         1%          1    None
b - Song of Slaying       Chrm           ####....     1%          2    ##.....
f - Regeneration          Chrm/Necr      ###.......   3%          3    ###....
x - Shroud of Golubria    Chrm/Tloc      ###.......   2%          2    ##.....


Dungeon Overview and Level Annotations

Branches:
Dungeon (4/15)
 Temple: D:4-7

Altars:

Annotations:
D:1 exclusion: downstairs


Innate Abilities, Weirdness & Mutations

You have extremely sharp teeth.
Your natural rate of healing is unusually fast.
When hurt, damage is shared between your health and your magic reserves.
Your bite disrupts and absorbs the magic of your enemies.
Potions cannot restore your health.
You are immune to rotting.


Message History

Some shallow water.
Unknown command.
Unknown command.
The ball python bites you but does no damage.
The ball python grabs you. The ball python constricts you.
The river rat twitches its whiskers.
The river rat barely misses you.
You escape the ball python's grasp.
Your song is almost over.
You feel sick. The ball python closely misses you.
The ball python barely misses you. The river rat barely misses you.
You see here a rat corpse.
The ball python misses you. The ball python grabs you.
* * * LOW HITPOINT WARNING * * *
The ball python constricts you.
Unknown command.
The ball python's grasp on you weakens, but your attempt to escape fails.
The ball python barely misses you. The ball python constricts you.
The river rat bites you.
You die...

#..#...≈≈≈≈≈≈≈.# ..#
#.....≈≈≈≈≈≈≈.###..#
#.....≈≈≈≈≈≈≈..#...#
##....≈≈≈≈≈≈......#
##.....≈≈≈≈≈......#
##.......≈r≈≈.....##
##........rrr≈.....#
#..#.†...Sr≈≈≈.....#
#÷###†...@r≈≈≈.....#
#∩###.....†≈≈r......#
####.....≈≈≈≈≈..##...#
##.....≈≈≈≈≈.## ...#
#.....≈≈≈≈≈≈≈## ..##
##.....≈≈≈≈≈≈≈.# #
#......≈≈≈≈≈≈≈...
#......≈≈≈≈≈≈≈...
#.....≈≈≈≈≈≈≈≈...


You could see 2 river rats, a ball python and 5 rats.

Vanquished Creatures
  2 big kobolds (Sewer)
  A scorpion (D:4)
  A howler monkey (D:4)
  A centaur skeleton (D:4)
  10 adders
  4 river rats (Sewer)
  3 oozes
  A worm (D:3)
  A leopard gecko (D:1)
  An orc (D:4)
  A ball python (Sewer)
  2 bats (D:1)
  2 giant cockroaches
  2 goblins
  5 hobgoblins
  3 jackals (D:3)
  A frilled lizard (D:3)
  6 kobolds
  17 rats
64 creatures vanquished.

Notes
Turn   | Place    | Note
-------+----------+-------------------------------------------
     0 | D:1      | Sergey the Vine Stalker Skald began the quest for the Orb.
     0 | D:1      | Reached XP level 1. HP: 11/11 MP: 4/4
    66 | D:1      | Reached XP level 2. HP: 15/15 MP: 6/6
   144 | D:1      | Learned a level 2 spell: Song of Slaying
   147 | D:1      | Learned a level 2 spell: Shroud of Golubria
   283 | D:2      | Reached XP level 3. HP: 15/18 MP: 0/8
   624 | D:2      | Learned a level 3 spell: Regeneration
   664 | D:3      | Gained mutation: Your natural rate of healing is unusually fast. [Vine Stalker growth]
   664 | D:3      | Reached XP level 4. HP: 18/23 MP: 9/9
   983 | D:4      | Reached skill level 1 in Necromancy
   983 | D:4      | Reached XP level 5. HP: 26/26 MP: 7/11
  1060 | D:4      | Found a glowing drain.
  1089 | Sewer    | Entered a sewer
  1129 | Sewer    | Noticed a big kobold
  1142 | Sewer    | Killed a big kobold
  1142 | Sewer    | Reached XP level 6. HP: 17/30 MP: 5/13
  1363 | Sewer    | Reached XP level 7. HP: 8/34 MP: 1/15
  1372 | Sewer    | Slain by a river rat

Vault maps used:
D:1:      eino_arrival_cavern_d, minivault_14
D:3:      lemuel_doored_altar
D:4:      corexii_shantytown, gup_sewer_entry_glass
Sewer:    sewer_minmay_treatment

Skill      XL: |  1  2  3  4  5  6 |
---------------+-------------------+-----
Maces & Flails | 2 3 4 |  4.1
Spellcasting   | 3 4 |  4.6
Necromancy     | 1 2 |  2.0
Charms         | 4 |  4.1
Fighting       | |  1.7
Armour         | |  0.7
Dodging        | |  1.5

Action                   |  1- 3 |  4- 6 |  7- 9 || total
-------------------------+-------+-------+-------++-------
Melee: Mace              |    83 |   138 |       ||   221
       Bite              |    15 |    29 |       ||    44
Throw: Javelin           |     4 |     1 |       ||     5
       Stone             |       |     1 |       ||     1
 Cast: Infusion          |     6 |     9 |       ||    15
       Shroud of Golubri |     3 |     8 |       ||    11
       Song of Slaying   |     1 |     9 |       ||    10
  Use: Potion            |       |     6 |       ||     6
       Scroll            |       |     3 |       ||     3
  Eat: Chunk             |       |     3 |       ||     3
Armor: Leather armour    |     3 |       |       ||     3
       Ring mail         |    31 |    63 |     3 ||    97
       Skin              |       |     8 |       ||     8
Dodge: Dodged            |    63 |   112 |    11 ||   186

Table legend:
 A = Spawn XP
 B = Non-spawn XP
 C = Spawn XP percentage of total XP
 D = Spawn monster count
 E = Non-spawn monster count
 F = Spawn count percentage of total count
 G = Total turns spent on level
                    A         B        C        D         E        F      G
               +---------+---------+-------+---------+---------+-------+---------
         Total |       0 |     627 |   0.0 |       0 |      64 |   0.0 |  1372
               +---------+---------+-------+---------+---------+-------+---------
           D:1 |       0 |      40 |   0.0 |       0 |      14 |   0.0 |   456
           D:2 |       0 |      34 |   0.0 |       0 |       6 |   0.0 |   195
           D:3 |       0 |      14 |   0.0 |       0 |       6 |   0.0 |   114
           D:4 |       0 |     219 |   0.0 |       0 |       9 |   0.0 |   324
         Sewer |       0 |     320 |   0.0 |       0 |      29 |   0.0 |   283
               +---------+---------+-------+---------+---------+-------+---------
